 Dungeon Sprint DCSS version 0.27-a0-463-gec7707c53d (webtiles) character file.

Game seed: 10336685963730966624

5042 mhtbhm the Severer (level 10, -2/150 HPs)
             Began as a Minotaur Fighter on Mar 1, 2021.
             Was the Champion of Trog.
             Slain by a death scarab (16 damage)
             ... summoned by Khufu
             ... in the Dungeon (Sprint VII: "The Pits").
             The game lasted 00:02:49 (1211 turns).

mhtbhm the Severer (Minotaur Fighter)               Turns: 1211, Time: 00:02:50

Health: -2/150     AC: 20    Str: 27    XL:     10   Next: 30%
Magic:  9/9        EV:  9    Int:  8    God:    Trog [******]
Gold:   0          SH: 13    Dex: 10    Spells: 9/9 levels left

rFire    . . .     SeeInvis .   a - +4 broad axe (vorpal)
rCold    . . .     Faith    .   c - +0 kite shield
rNeg     . . .     Spirit   .   b - +3 plate armour
rPois    .         Reflect  .   (helmet restricted)
rElec    .         Harm     .   (no cloak)
rCorr    .         Rampage  .   p - +0 pair of gloves
Will     ++...     NoTele   +   (no boots)
Stlth    ..........             (no amulet)
HPRegen  1.35/turn              m - +3 ring of intelligence
MPRegen  0.11/turn              n - +3 ring of strength

@: berserking, regenerating, slowed
A: retaliatory headbutt, horns 2
a: Renounce Religion, Berserk, Trog's Hand, Brothers in Arms


You were in the Dungeon.
You worshipped Trog.
Trog was exalted by your worship.
You visited 1 branch

Inventory:

Hand Weapons
 a - a +4 vorpal broad axe (weapon)
Armour
 b - a +3 plate armour (worn)
 c - a +0 kite shield (worn)
 p - a +0 pair of gloves (worn)
Jewellery
 m - a +3 ring of intelligence (left hand)
 n - a +3 ring of strength (right hand)
Scrolls
 j - a scroll of blinking
 l - a scroll of summoning
Potions
 d - 3 potions of might
 e - 7 potions of curing
 f - 7 potions of heal wounds
 g - 2 potions of haste
 h - 4 potions of magic
 i - 6 potions of berserk rage
 k - 2 potions of invisibility
 o - a potion of resistance


   Skills:
 + Level 12.8 Fighting
 + Level 17.7 Axes
 + Level 12.8 Armour
 + Level 3.7 Dodging
 + Level 1.2 Stealth
 + Level 13.3 Shields


You had 9 spell levels left.
You didn't know any spells.
Your spell library was empty.

Dungeon Overview and Level Annotations

Branches:
Dungeon (1/1)

Altars:
Ashenzari
Cheibriados
Dithmenos
Elyvilon
Fedhas
Gozag
Hepliaklqana
Kikubaaqudgha
Makhleb
Nemelex Xobeh
Okawaru
Qazlal
Ru
Sif Muna
Trog
Uskayaw
Vehumet
Wu Jian
Xom
Yredelemnul
Zin
The Shining One
Beogh
Jiyva
Lugonu

Annotations:
D Khufu


Innate Abilities, Weirdness & Mutations

You reflexively headbutt those who attack you in melee.
You have a pair of horns on your head.


Message History

Khufu gestures wildly while chanting.
You slash the death scarab!
The death scarab is heavily damaged.
You barely miss the death scarab. The death scarab bites you!
The death scarab drains your vigour!
You feel as though you will be slow longer.
The death scarab draws strength from your injuries!
The death scarab bites you. The death scarab drains your vigour!
You feel as though you will be slow longer.
The death scarab draws strength from your injuries!
The death scarab bites you!
The death scarab draws strength from your injuries!
Khufu calls on the powers of darkness!
Your body is wracked with pain!
* * * LOW HITPOINT WARNING * * *
You slice the death scarab!!
You destroy the death scarab!
The death scarab's corpse disappears in a puff of smoke!
You slice the death scarab!! The death scarab closely misses you.
You furiously retaliate!
You headbutt the death scarab. You block the death scarab's attack.
Unknown command.
The death scarab closely misses you. You furiously retaliate!
You headbutt the death scarab! The death scarab barely misses you.
You furiously retaliate!
You headbutt the death scarab. Khufu hits you!
* * * LOW HITPOINT WARNING * * *
There is a large open door to the Hallway of Sentries (Extremely Hard) here.
You hit Khufu. You headbutt Khufu!
Khufu is lightly damaged.
You closely miss the death scarab.
The death scarab waves its antennae.
The death scarab bites you!
* * * LOW HITPOINT WARNING * * *
The death scarab draws strength from your injuries!
Khufu hits you!
* * * LOW HITPOINT WARNING * * *
You slash Khufu!
Khufu is lightly damaged.
You block the death scarab's attack. The death scarab bites you!
You die...

#+# #B# #M#
################@#
...............BB#
.....รท...........#
+##############..#
#..# #..# #..# #..#
#..#


You could see Khufu and 3 death scarabs.

Vanquished Creatures
  2 death yaks (D)
  2 phantasmal warriors (D)
  An orc knight (D)
  An elephant (D)
  A yaktaur (D)
  A hornet (D)
  A water elemental (D)
  A tarantella (D)
  A warg (D)
  A water moccasin (D)
  2 orc warriors (D)
  2 ice beasts (D)
  A hound (D)
  An iguana (D)
  A worker ant (D)
  4 orc wizards (D)
  2 river rats (D)
  An ufetubus (D)
  An ooze (D)
  An adder zombie (D)
  A leopard gecko (D)
  6 orcs (D)
  A bat skeleton (D)
  A bat zombie (D)
  2 goblins (D)
  A hobgoblin (D)
  5 jackals (D)
  A ball python (D)
  A frilled lizard (D)
47 creatures vanquished.

Vanquished Creatures (collateral kills)
  An emperor scorpion (D)
  A jackal (D)
2 creatures vanquished.

Grand Total: 49 creatures vanquished

Notes
Turn   | Place    | Note
-------+----------+-------------------------------------------
     0 | D        | mhtbhm the Minotaur Fighter began the quest for the Orb.
     0 | D        | Reached XP level 1. HP: 19/19 MP: 0/0
    69 | D        | Found a bloodstained altar of Trog.
    69 | D        | Found a shimmering blue altar of Sif Muna.
    69 | D        | Found a viscous altar of Jiyva.
    69 | D        | Found a hazy altar of Hepliaklqana.
    69 | D        | Found an opulent altar of Gozag.
    70 | D        | Found a glowing golden altar of the Shining One.
    70 | D        | Found a glowing silver altar of Zin.
    70 | D        | Found a basalt altar of Yredelemnul.
    70 | D        | Found a shimmering altar of Xom.
    70 | D        | Found an ornate altar of the Wu Jian Council.
    70 | D        | Found a sacrificial altar of Ru.
    70 | D        | Found a stormy altar of Qazlal.
    70 | D        | Found an iron altar of Okawaru.
    70 | D        | Found a sparkling altar of Nemelex Xobeh.
    70 | D        | Found a burning altar of Makhleb.
    70 | D        | Found a blossoming altar of Fedhas.
    70 | D        | Found a white marble altar of Elyvilon.
    70 | D        | Found a shadowy altar of Dithmenos.
    70 | D        | Found a snail-covered altar of Cheibriados.
    72 | D        | Found a radiant altar of Vehumet.
    72 | D        | Found a corrupted altar of Lugonu.
    72 | D        | Found a roughly hewn altar of Beogh.
    74 | D        | Became a worshipper of Trog the Wrathful
   124 | D        | Reached * piety under Trog
   125 | D        | Reached XP level 2. HP: 25/28 MP: 1/1
   150 | D        | Reached ** piety under Trog
   151 | D        | Reached skill level 3 in Axes
   151 | D        | Reached skill level 5 in Armour
   154 | D        | Reached skill level 5 in Fighting
   154 | D        | Reached skill level 5 in Shields
   154 | D        | Reached *** piety under Trog
   156 | D        | Reached XP level 3. HP: 36/36 MP: 2/2
   223 | D        | Noticed a water moccasin
   224 | D        | Noticed an ice beast
   230 | D        | Killed an ice beast
   230 | D        | Reached **** piety under Trog
   231 | D        | Reached skill level 5 in Axes
   231 | D        | Reached skill level 1 in Dodging
   231 | D        | Reached XP level 4. HP: 45/45 MP: 3/3
   235 | D        | Reached skill level 6 in Axes
   235 | D        | Reached XP level 5. HP: 51/51 MP: 4/4
   238 | D        | Reached ***** piety under Trog
   239 | D        | Killed a water moccasin
   240 | D        | Reached skill level 7 in Axes
   240 | D        | Reached XP level 6. HP: 61/61 MP: 5/5
   304 | D        | Reached skill level 8 in Axes
   311 | D        | Noticed an orc warrior
   319 | D        | Killed an orc warrior
   320 | D        | Reached skill level 9 in Axes
   325 | D        | Received a gift from Trog
   416 | D        | Noticed a hornet
   416 | D        | Noticed a yaktaur
   425 | D        | Killed a hornet
   426 | D        | Reached skill level 10 in Axes
   426 | D        | Reached skill level 10 in Shields
   426 | D        | Reached XP level 7. HP: 67/70 MP: 2/6
   430 | D        | Killed a yaktaur
   430 | D        | Reached ****** piety under Trog
   431 | D        | Reached skill level 11 in Axes
   431 | D        | Reached skill level 10 in Armour
   644 | D        | Found a hide-covered altar of Uskayaw.
   644 | D        | Found an ancient bone altar of Kikubaaqudgha.
   644 | D        | Found a broken altar of Ashenzari.
   671 | D        | Noticed an emperor scorpion
   678 | D        | Received a gift from Trog
   683 | D        | Killed an emperor scorpion
   684 | D        | Reached skill level 10 in Fighting
   684 | D        | Reached skill level 13 in Axes
   684 | D        | Reached XP level 8. HP: 80/80 MP: 7/7
   737 | D        | Noticed a death yak
   737 | D        | Noticed a phantasmal warrior
   742 | D        | Killed a phantasmal warrior
   743 | D        | Reached skill level 14 in Axes
   743 | D        | Reached XP level 9. HP: 86/86 MP: 8/8
   746 | D        | Killed a death yak
   747 | D        | Reached skill level 15 in Axes
   795 | D        | Noticed an orc knight
   808 | D        | Reached skill level 16 in Axes
   813 | D        | Killed an orc knight
   813 | D        | Received a gift from Trog
   814 | D        | Reached skill level 1 in Stealth
   860 | D        | Noticed an elephant
   862 | D        | Noticed a phantasmal warrior
   871 | D        | Killed a phantasmal warrior
   872 | D        | Killed an elephant
   873 | D        | Reached skill level 17 in Axes
   873 | D        | Reached XP level 10. HP: 65/99 MP: 9/9
  1021 | D        | Noticed a death yak
  1033 | D        | Killed a death yak
  1202 | D        | Noticed Khufu
  1205 | D        | Noticed a death scarab
  1205 | D        | Noticed a death scarab
  1207 | D        | Noticed a death scarab
  1207 | D        | Noticed a death scarab
  1211 | D        | Slain by a death scarab

Illustrated notes

Levels and vault maps discovered:
D:        pitsprint [storerooms_1, entrance_room_1, metal_vault_8, armoury_1,
          mini_pit_1, grid_room_1, main_hall_1, silver_pit, the_coven_1,
          the_vestibule_1, steel_vault_1, golden_pit, hallway_of_sentries,
          crystal_vault_4, iron_vault_1, final_vault]

Skill      XL: |  1  2  3  4  5  6  7  8  9 10 |
---------------+-------------------------------+-----
Fighting       | 4 5 6 7 9 10 12 | 12.8
Armour         | 4 5 7 8 9 10 11 12 | 12.8
Shields        | 4 5 7 8 10 11 12 13 | 13.3
Axes           | 3 5 6 7 10 13 14 17 | 17.7
Dodging        | 1 2 3 |  3.7
Stealth        | 1 |  1.2

Action                   |  1- 3 |  4- 6 |  7- 9 | 10-12 || total
-------------------------+-------+-------+-------+-------++-------
Melee: Hand axe          |    29 |    24 |       |       ||    53
       Headbutt          |     8 |     8 |    11 |     6 ||    33
       War axe           |     1 |     8 |    35 |       ||    44
       Broad axe         |       |       |     8 |    15 ||    23
Invok: Berserk           |     1 |     2 |     4 |     1 ||     8
       Brothers in Arms  |       |       |     1 |       ||     1
       Trog's Hand       |       |       |       |     1 ||     1
  Use: Potion            |       |       |       |     1 ||     1
Armor: Scale mail        |    13 |       |       |       ||    13
       Chain mail        |     7 |    13 |       |       ||    20
       Plate armour      |       |       |    13 |     2 ||    15
Dodge: Dodged            |    22 |     5 |    14 |     4 ||    45
Block: Kite shield       |    21 |     9 |    22 |     8 ||    60

Table legend: (Time is in decaauts)
 A = Elapsed time spent in this place.
 B = Non-inter-level travel time spent in this place.
 C = Inter-level travel time spent in this place.
 D = Time resting spent in this place.
 E = Time spent auto-exploring this place.
 F = Levels seen in this place.
 G = Mean time per level.
                   A        B        C        D        E       F      G
               +--------+--------+--------+--------+--------+-----+--------+
         Total |   1263 |   1263 |      0 |    632 |    160 |   1 | 1263.0 |
       Dungeon |   1263 |   1263 |      0 |    632 |    160 |   1 | 1263.0 |
               +--------+--------+--------+--------+--------+-----+--------+

Top non-repeatable levels by time:
       D: 1263 daAuts
